 Dungeon Crawl Stone Soup version 0.31-a0-222-gefeffbb62a (webtiles) character file.

Game seed: 9478660094148152237

34568 TrayleKats the Basher (level 13, -1/107 HPs)
             Began as an Armataur Fighter on July 5, 2023.
             Was a Priest of Qazlal.
             Slain by a tyrant leech (21 damage)
             ... on level 5 of the Lair of Beasts.
             The game lasted 00:37:49 (25347 turns).

TrayleKats the Basher (Armataur Fighter)           Turns: 25347, Time: 00:37:50

Health: -1/107     AC: 23    Str: 26    XL:     13   Next: 42%
Magic:  31/31      EV:  3    Int:  9    God:    Qazlal [***...]
Gold:   470        SH:  4    Dex: 10    Spells: 12/12 levels left

rFire   + + .        w - +5 dire flail (venom)
rCold   + . .        (shield currently unavailable)
rNeg    . . .        N - +0 gold dragon scales
rPois   +            D - +0 helmet
rElec   .            t - +0 cloak
rCorr   .            q - +1 pair of gloves {hurl}
SInv    .            (no barding)
Will    .....        (no amulet) Stlth
                     u - ring of protection from fire
HPRegen 0.37/turn    r - ring of magical power
MPRegen 0.22/turn

%: clarity, roll
@: no status effects
A: large, rugged brown scales 3, deformed body, armoured tail, roll, long
tongue, awkward tongue, hooves 1, iridescent scales 1, clarity, frail 1
a: Renounce Religion, Upheaval, Elemental Force


You were on level 5 of the Lair of Beasts.
You worshipped Qazlal.
Qazlal was most pleased with you.
You visited 3 branches of the dungeon, and saw 19 of its levels.
You visited 1 bazaar.
You also visited: Sewer.

You collected 1209 gold pieces.
You spent 739 gold pieces at shops.

Inventory:

Hand Weapons
 w - a +5 dire flail of venom (weapon)
 B - a +1 whip of electrocution
 C - the +7 long sword of Megodeor {flame, Fragile rElec rC+ rCorr}
   (You took it off a centaur on level 10 of the Dungeon)

   rC:        It protects you from cold.
   rElec:     It insulates you from electricity.
   rCorr:     It protects you from acid and corrosion.
   Fragile:   It will be destroyed if unequipped.
Missiles
 h - 18 poisoned darts
 i - 22 boomerangs (quivered)
 l - a throwing net
Armour
 q - a +1 pair of gloves of hurling (worn)
 t - a +0 cloak (worn)
 D - a +0 helmet (worn)
 F - a +2 buckler
 N - +0 gold dragon scales (worn)
Jewellery
 e - a ring of wizardry
 r - a ring of magical power (right hand)
 u - a ring of protection from fire (left hand)
Wands
 f - a wand of digging (4)
 k - a wand of flame (54)
 y - a wand of iceblast (5)
 G - a wand of polymorph (2)
 K - a wand of charming (7)
Scrolls
 c - 3 scrolls of amnesia
 d - a scroll of acquirement {unknown}
 g - 6 scrolls of enchant weapon
 n - 5 scrolls of teleportation
 s - 2 scrolls of fog
 v - 3 scrolls of blinking
 E - a scroll of silence
 H - 2 scrolls of enchant armour
 I - a scroll of brand weapon
 M - a scroll of poison
Potions
 a - 4 potions of invisibility
 b - 3 potions of enlightenment
 j - 9 potions of curing
 m - a potion of heal wounds
 o - 2 potions of might
 p - 3 potions of brilliance
 z - a potion of cancellation
 J - 3 potions of magic
 L - a potion of haste


   Skills:
 + Level 9.4 Fighting
 * Level 12.5 Maces & Flails
 + Level 12.2 Armour
 - Level 6.5 Shields
 + Level 12.4 Invocations


You had 12 spell levels left.
You didn't know any spells.
Your spell library contained the following spells:

 Spells                   Type           Power      Damage    Failure   Level
 Kiss of Death            Conj/Necr      0%         2d5       100%        1
 Magic Dart               Conj           0%         1d3       100%        1
 Call Imp                 Summ           0%         N/A       100%        2
 Ensorcelled Hibernation  Hex/Ice        0%         N/A       100%        2
 Lesser Beckoning         Tloc           0%         N/A       100%        2
 Passwall                 Tmut/Erth      0%         N/A       100%        2
 Sublimation of Blood     Necr           0%         N/A       100%        2
 Call Canine Familiar     Summ           0%         N/A       100%        3
 Confusing Touch          Hex            0%         N/A       100%        3
 Dazzling Flash           Conj/Hex       0%         N/A       100%        3
 Mephitic Cloud           Conj/Pois/Air  0%         N/A       100%        3
 Portal Projectile        Hex/Tloc       0%         N/A       100%        3
 Summon Guardian Golem    Hex/Summ       0%         N/A       100%        3
 Swiftness                Air            0%         N/A       100%        3
 Tukima's Dance           Hex            0%         N/A       100%        3
 Vhi's Electric Charge    Tloc/Air       0%         N/A       100%        3
 Volatile Blastmotes      Fire/Tloc      0%         2d10      100%        3
 Dispel Undead            Necr           0%         3d6       100%        4
 Iskenderun's Mystic Bla  Conj/Tloc      0%         2d3       100%        4
 Leda's Liquefaction      Hex/Erth       0%         N/A       100%        4
 Olgreb's Toxic Radiance  Pois           0%         N/A       100%        4
 Passage of Golubria      Tloc           0%         N/A       100%        4
 Petrify                  Tmut/Erth      0%         N/A       100%        4
 Agony                    Necr           0%         N/A       100%        5
 Arcjolt                  Conj/Air       0%         1d10      100%        5
 Irradiate                Conj/Tmut      0%         3d11      100%        5
 Silence                  Hex/Air        0%         N/A       100%        5
 Yara's Violent Unravell  Hex/Tmut       0%         3d3       100%        5
 Plasma Beam              Fire/Air       0%         2x1d10    100%        6
 Simulacrum               Ice/Necr       0%         N/A       100%        6
 Starburst                Conj/Fire      0%         6d3       100%        6
 Statue Form              Tmut/Erth      0%         N/A       100%        6
 Orb of Destruction       Conj           0%         9d5       100%        7
 Ozocubu's Refrigeration  Ice            0%         4d7       100%        7
 Spellforged Servitor     Conj/Summ      0%         N/A       100%        7
 Discord                  Hex            0%         N/A       100%        8
 Ignition                 Fire           0%         3d3       100%        8
 Polar Vortex             Ice            0%         N/A       100%        9


Dungeon Overview and Level Annotations

Branches:
Dungeon (13/15)            Temple (1/1) D:5            Lair (5/5) D:8
  Swamp (0/4) Lair:3        Snake (0/4) Lair:3        Slime (0/5) Lair:5
    Orc (0/2) D:11          Sewer (visited)
 Vaults: D:13-14

Altars:
Ashenzari
Cheibriados
Dithmenos
Elyvilon
Fedhas
Gozag
Hepliaklqana
Kikubaaqudgha
Makhleb
Nemelex Xobeh
Okawaru
Qazlal
Ru
Sif Muna
Trog
Uskayaw
Vehumet
Wu Jian
Xom
Yredelemnul
Zin
The Shining One
Jiyva

Shops:
D:6 [   D:9 !

Portals:
Trove: D:10 (give 2 scrolls of acquirement)

Annotations:
D:10 1 transporter, lunkers's ghost, journeyman MeFi
Lair:3 exclusion: oklob plant
Lair:4 exclusion: oklob plant


Innate Abilities, Weirdness & Mutations

You are completely covered in rugged brown scales. (AC +3, +7% HP)
Armour fits poorly on your strangely shaped body.
You have a long armoured tail.
You roll when moving toward enemies. (Rampage)
Your long tongue fully drains potion bottles. (2x potion effects)
Your tongue gives you trouble enunciating. (1.5x scroll delay)
You have large cloven feet.
You are partially covered in iridescent scales. (AC +2)
You possess an exceptional clarity of mind.
You are frail. (-10% HP)


Message History

The tyrant leech bites you but does no damage.
You completely miss the tyrant leech. Your kick misses the tyrant leech.
Your tail-slap misses the tyrant leech.
The tyrant leech is lightly wounded.
You miss the tyrant leech. Your kick misses the tyrant leech.
The tyrant leech is lightly wounded.
The tyrant leech bites you but does no damage.
You completely miss the tyrant leech. Your kick misses the tyrant leech.
Your tail-slap misses the tyrant leech.
The tyrant leech is lightly wounded.
You closely miss the tyrant leech. Your kick misses the tyrant leech.
Your tail-slap misses the tyrant leech.
The tyrant leech is lightly wounded.
The tyrant leech bites you.
The tyrant leech draws strength from your injuries!
You impale the tyrant leech!!
The tyrant leech looks as sick as possible!
You kick the tyrant leech, but do no damage.
You tail-slap the tyrant leech, but do no damage.
The tyrant leech is heavily wounded.
The tyrant leech bites you!!
* * * LOW HITPOINT WARNING * * *
The tyrant leech draws strength from your injuries!
You closely miss the tyrant leech. Your kick misses the tyrant leech.
Your tail-slap misses the tyrant leech.
The tyrant leech is moderately wounded.
You bludgeon the tyrant leech!!
The tyrant leech looks as sick as possible!
Your kick misses the tyrant leech.
The tyrant leech is severely wounded.
You hear a loud, deep croak!
The tyrant leech bites you but does no damage.
You closely miss the tyrant leech. Your kick misses the tyrant leech.
The tyrant leech is almost dead.
You sock the tyrant leech!
The tyrant leech looks as sick as possible!
Your kick misses the tyrant leech.
The tyrant leech is almost dead.
The tyrant leech bites you!!
You die...

### #..#.........###..†#........
P.## #.#.#........P#..##†.....#..
...###.####..........###.........
....#..##...........P ##........
....#...#..........#### ##.......
.....#........)....#†.###........
....####..............##.........
#...# #...###...☼...PP#.........
...### ##.#.##P°@.##.......#P....
.....###...###P§w#†...........P..
.......#....###..##.#..........P.
...........#.#.#............##P..
...#......######...........## #..
...##....P..###.####......##
.................####...#.#
...............#.##.#....##
.......##...F...##...#...# ###


You could see a tyrant leech (extremely poisoned).

Vanquished Creatures
  Snorg (Lair:4)
  A catoblepas (Lair:4)
  A hydra (Lair:5)
  A ghost crab (Lair:3)
  A boulder beetle (D:11)
  A two-headed ogre (D:9)
  Sonja (Lair:3)
  A skyshark (Lair:3)
  A lindwurm (Lair:3)
  An ugly thing (D:11)
  4 elephants (Lair:4)
  3 black mambas
  Joseph (D:8)
  Psyche (D:8)
  16 cane toads
  An unseen horror (D:13)
  2 rime drakes
  3 komodo dragons
  4 trolls
  2 hornets
  A polar bear (Lair:5)
  Prince Ribbit (D:9)
  2 tyrant leeches (Lair:5)
  16 blink frogs
  A spectral dream sheep (Lair:3)
  A spectral black mamba (Lair:3)
  A shadow (D:11)
  A wraith (D:11)
  22 yaks
  4 basilisks
  9 vampire mosquitoes
  A spectral cane toad (Lair:3)
  3 nagas (Lair:3)
  14 water moccasins
  2 acid dragons
  A black bear (Lair:2)
  2 orc warriors
  Pargi (D:3)
  An ice beast (D:6)
  An ogre (D:4)
  10 wolves
  6 centaurs
  A phantom (D:6)
  14 bullfrogs
  A gnoll sergeant (D:6)
  3 scorpions
  17 wights
  9 killer bees
  7 howler monkeys
  2 electric eels (Lair:3)
  2 hounds
  3 jellies
  13 orc priests
  A sleepcap (D:8)
  Crazy Yiuf (D:3)
  Jessica (D:3)
  3 iguanas
  11 orc wizards
  12 gnolls
  13 adders
  A shadow imp (D:6)
  A white imp (D:7)
  3 worms (D:2)
  4 dart slugs
  50 orcs
  5 bats
  15 endoplasms
  15 giant cockroaches
  6 goblins
  9 hobgoblins
  8 jackals
  19 quokkas
  20 ball pythons
  17 frilled lizards
  A kobold (D:4)
  7 rats
443 creatures vanquished.

Vanquished Creatures (collateral kills)
  A two-headed ogre (D:10)
  A cane toad (Lair:5)
  A komodo dragon (Lair:1)
  A tyrant leech (Lair:5)
  A blink frog (Lair:5)
5 creatures vanquished.

Vanquished Creatures (others)
  A cyclops (D:11)
  2 orcs (D:11)
3 creatures vanquished.

Grand Total: 451 creatures vanquished

Notes
Turn   | Place    | Note
-------+----------+-------------------------------------------
     0 | D:1      | TrayleKats the Armataur Fighter began the quest for the
                  | Orb.
     0 | D:1      | Reached XP level 1. HP: 19/19 MP: 1/1
   176 | D:1      | Reached XP level 2. HP: 22/26 MP: 2/2
   427 | D:1      | Reached XP level 3. HP: 33/33 MP: 3/3
   488 | D:1      | Found a faded altar of an unknown god.
   927 | D:2      | Reached XP level 4. HP: 40/40 MP: 4/4
  1701 | D:3      | Noticed Jessica
  1708 | D:3      | Killed Jessica
  1786 | D:3      | Got Jessica's Excursus on Orientation
  1901 | D:3      | Reached XP level 5. HP: 48/48 MP: 5/5
  2083 | D:3      | Noticed Pargi
  2096 | D:3      | Killed Pargi
  2097 | D:3      | Reached skill level 5 in Armour
  2394 | D:3      | Got Ezuduloaxt's Quarto of Hexes and Transmutation
  2435 | D:3      | Found a runed translucent door.
  2436 | D:3      | Noticed Crazy Yiuf
  2589 | D:3      | Found a glowing silver altar of Zin.
  2682 | D:3      | Killed Crazy Yiuf
  2683 | D:3      | Reached XP level 6. HP: 5/55 MP: 6/6
  3157 | D:4      | Found a glowing drain.
  3179 | Sewer    | Entered a sewer
  3475 | Sewer    | Reached skill level 5 in Shields
  3870 | D:4      | Reached XP level 7. HP: 55/63 MP: 7/7
  4728 | D:5      | Entered Level 5 of the Dungeon
  4870 | D:5      | Found a staircase to the Ecumenical Temple.
  4889 | Temple   | Entered the Ecumenical Temple
  4889 | Temple   | Found a transporter.
  4889 | Temple   | Found a transporter.
  4901 | Temple   | Found a transporter.
  4901 | Temple   | Found a transporter.
  4935 | Temple   | Became a worshipper of Qazlal Stormbringer
  5651 | D:6      | Found an iron altar of Okawaru.
  5745 | D:5      | Reached XP level 8. HP: 31/71 MP: 8/8
  6053 | D:6      | Reached skill level 1 in Invocations
  6190 | D:6      | Reached skill level 5 in Fighting
  6190 | D:6      | Reached skill level 5 in Maces & Flails
  6410 | D:6      | Found Raetompo's Armour Shop.
  6434 | D:6      | Bought a +1 pair of gloves of hurling for 247 gold pieces
  6696 | D:7      | Noticed a troll
  6715 | D:7      | Killed a troll
  6727 | D:7      | Reached * piety under Qazlal
  6847 | D:7      | Found a burning altar of Makhleb.
  6893 | D:7      | Reached XP level 9. HP: 72/79 MP: 11/11
  6934 | D:7      | Found a white marble altar of Elyvilon.
  7701 | D:8      | Reached skill level 5 in Invocations
  8157 | D:8      | Noticed Psyche
  8320 | D:8      | Killed Psyche
  8343 | D:8      | Found a staircase to the Lair.
  8719 | D:8      | Noticed Joseph
  8733 | D:8      | Killed Joseph
  9034 | D:9      | Reached XP level 10. HP: 52/85 MP: 14/14
  9796 | D:9      | Noticed Prince Ribbit
  9809 | D:9      | Found Wukus's Distillery.
  9820 | D:9      | Killed Prince Ribbit
 10196 | D:9      | Bought a potion of haste for 120 gold pieces
 10196 | D:9      | Bought a potion of berserk rage for 60 gold pieces
 10196 | D:9      | Bought a potion of curing for 36 gold pieces
 10196 | D:9      | Bought a potion of curing for 36 gold pieces
 10196 | D:9      | Bought a potion of lignification for 36 gold pieces
 10257 | D:9      | Noticed a two-headed ogre
 10263 | D:9      | Killed a two-headed ogre
 10678 | D:10     | Entered Level 10 of the Dungeon
 10685 | D:10     | Found a shadowy altar of Dithmenos.
 10719 | D:10     | Reached ** piety under Qazlal
 10832 | D:10     | Identified the +7 long sword of Megodeor {flame, Fragile
                  | rElec rC+ rCorr}
 10914 | D:10     | Found a portal to a secret trove of treasure.
 10967 | D:10     | Noticed a two-headed ogre
 10968 | D:10     | You fall into a shaft and drop 3 floors!
 10983 | D:13     | Noticed a skeletal warrior
 10985 | D:13     | Noticed a skeletal warrior
 10989 | D:13     | Noticed a skeletal warrior
 11105 | D:11     | Noticed a boulder beetle
 11113 | D:11     | Killed a boulder beetle
 11178 | D:11     | Reached XP level 11. HP: 86/98 MP: 17/17
 11339 | D:11     | Found a flickering gateway to a bazaar.
 11348 | Bazaar   | Entered a bazaar
 11353 | Bazaar   | Found Keobushri's Jewellery Shoppe.
 11362 | Bazaar   | Found Surad's Assorted Antiques.
 11362 | Bazaar   | Found Beriuc's Assorted Antiques.
 11371 | Bazaar   | Found Xaqom's Jewellery Emporium.
 11499 | Bazaar   | Bought a silvery potion for 22 gold pieces
 11499 | Bazaar   | Bought a glowing white potion for 22 gold pieces
 11499 | Bazaar   | Bought a scroll labelled CAAG PAEROI for 25 gold pieces
 11510 | Bazaar   | Bought a potion of heal wounds for 135 gold pieces
 11561 | D:11     | Reached *** piety under Qazlal
 11564 | D:11     | Found a staircase to the Orcish Mines.
 11627 | D:10     | Noticed a two-headed ogre
 11637 | D:10     | Killed a two-headed ogre
 11675 | D:10     | Gained mutation: You possess an exceptional clarity of
                  | mind. [potion of mutation]
 11675 | D:10     | Gained mutation: You are frail. (-10% HP) [potion of
                  | mutation]
 11675 | D:10     | Gained mutation: You are partially covered in iridescent
                  | scales. (AC +2) [potion of mutation]
 11675 | D:10     | Gained mutation: You have large cloven feet. [potion of
                  | mutation]
 11870 | D:10     | Found a transporter.
 11871 | D:10     | Noticed lunkers's ghost (journeyman MeFi)
 12028 | D:11     | Noticed a cyan ugly thing
 12055 | D:11     | Killed a cyan ugly thing
 12740 | D:11     | Reached skill level 10 in Armour
 13105 | Lair:1   | Entered Level 1 of the Lair of Beasts
 13226 | Lair:1   | Reached skill level 10 in Maces & Flails
 13998 | Lair:1   | Reached skill level 10 in Invocations
 14951 | Lair:2   | Reached XP level 12. HP: 96/97 MP: 19/19
 19972 | Lair:2   | Found the +18 Lear's hauberk
 21881 | Lair:3   | Found a staircase to the Snake Pit.
 22475 | Lair:3   | Noticed Sonja
 22489 | Lair:3   | Killed Sonja
 22708 | Lair:3   | Found a staircase to the Swamp.
 22708 | Lair:3   | Noticed a ghost crab
 22850 | Lair:3   | Killed a ghost crab
 23513 | Lair:4   | Reached XP level 13. HP: 81/104 MP: 21/21
 23649 | Lair:4   | Noticed Snorg
 23661 | Lair:4   | Killed Snorg
 24548 | Lair:4   | Found a blossoming altar of Fedhas.
 24819 | Lair:5   | Entered Level 5 of the Lair of Beasts
 24845 | Lair:5   | Found a viscous altar of Jiyva.
 24846 | Lair:5   | Found a staircase to the Slime Pits.
 25071 | Lair:5   | Reached **** piety under Qazlal
 25347 | Lair:5   | Slain by a tyrant leech

Illustrated notes

Levels and vault maps discovered:
D:1:      noname_arrival_rooms_in_the_neighbourhood, layout_loops_cross,
          nicolae_ecumenical_snake_handling, minmay_lizard_king
D:2:      layout_basic, hex_intersection, dreamdust_princess_corridor
D:3:      layout_loops_cross, zin_statuary, wad_floor_pattern_untrapped,
          kennysheep_jessica_study, uniq_crazy_yiuf_cottage, uniq_pargi
D:4:      layout_basic, portal_sewer_entry_f
D:5:      layout_layer_cave, minmay_temple_entry_proselytizer
D:6:      layout_basic, kennysheep_mini_moat, serial_shops,
          nicolae_shop_hallway_plus, kennysheep_generic_room_5
D:7:      layout_cave_pods, makhleb_heckhound_becter, amcnicky_altar_gilded,
          serial_park_tiny_1
D:8:      layout_basic, lair_entry_dummy, uniq_psyche, uniq_joseph
D:9:      layout_gridville, serial_shops, shop, minmay_orc_keep,
          uniq_prince_ribbit1
D:10:     layout_basic, general_overflow_altar, nicolae_trove_entry_free_sample,
          gammafunk_ghost_smash, david_defended_altar_orc
D:11:     layout_gridville, hiddenorc2_lemuel, serial_shops, freezing_bzr
D:12:     layout_loops_ring, corexii_leaking_fountain
D:13:     layout_layer_cave, skrybe_vaults_entry_preservation,
          kennysheep_path_1, uniq_lodul
Temple:   hellmonk_temple_divided_pantheon
Lair:1:   layout_chaotic_city
Lair:2:   layout_loops_ring, grunt_megastairs_2
Lair:3:   layout_cave_shapes, nicolae_swamp_entry_spooky,
          nicolae_snake_entry_squirm, st_stairs_13,
          nicolae_quartered_pool_super, serial_bayou_shore_b, uniq_sonja
Lair:4:   layout_loops_ring, tgw_fedhas, grunt_megastairs_1, uniq_snorg
Lair:5:   minmay_lair_end_frog_pond, layout_layer_cave, slime_entry_1

Skill      XL: |  1  2  3  4  5  6  7  8  9 10 11 12 13 |
---------------+----------------------------------------+-----
Maces & Flails | 2 3 4 5 7 9 10 11 12 | 12.5
Armour         | 4 5 6 7 8 9 10 11 12 | 12.2
Fighting       | 3 4 5 6 7 8 9 |  9.4
Shields        | 4 5 6 |  6.5
Invocations    | 3 6 8 10 11 12 | 12.4

Action                     |  1- 3 |  4- 6 |  7- 9 | 10-12 | 13-15 || total
---------------------------+-------+-------+-------+-------+-------++-------
  Melee: Flail             |   139 |   274 |    25 |       |       ||   438
         Tailslap          |    11 |    22 |    33 |    94 |    23 ||   183
         Whip              |       |       |   170 |       |       ||   170
         Dire flail        |       |       |   106 |   637 |   148 ||   891
         Kick              |       |       |       |   136 |    32 ||   168
  Throw: Dart              |     3 |       |     6 |    82 |       ||    91
         Boomerang         |       |       |       |    14 |    11 ||    25
 Invoke: Elemental Force   |       |       |       |     2 |     1 ||     3
         Upheaval          |       |       |       |     3 |     2 ||     5
  Evoke: Wand              |       |     6 |    14 |       |       ||    20
    Use: Scroll            |       |     4 |    11 |     8 |       ||    23
         Potion            |       |     1 |     1 |     7 |     2 ||    11
 Armour: Scale mail        |    60 |    10 |       |       |       ||    70
         Chain mail        |       |    37 |       |       |       ||    37
         Troll leather arm |       |   122 |   102 |   196 |       ||   420
         Skin              |       |       |     1 |     3 |       ||     4
         Acid dragon scale |       |       |       |    12 |       ||    12
         Gold dragon scale |       |       |       |    69 |    67 ||   136
  Dodge: Dodged            |    48 |    93 |    95 |   213 |    12 ||   461
  Block: Buckler           |    28 |    61 |    39 |       |       ||   128
         Other             |       |       |     4 |    69 |    18 ||    91

Table legend: (Time is in decaauts)
 A = Elapsed time spent in this place.
 B = Non-inter-level travel time spent in this place.
 C = Inter-level travel time spent in this place.
 D = Time resting spent in this place.
 E = Time spent auto-exploring this place.
 F = Levels seen in this place.
 G = Mean time per level.
                   A        B        C        D        E       F      G
               +--------+--------+--------+--------+--------+-----+--------+
         Total |  25297 |  24553 |    744 |  10793 |  10220 |  21 | 1204.6 |
       Dungeon |  12284 |  11740 |    544 |   2659 |   6955 |  13 |  944.9 |
        Temple |     58 |     39 |     19 |      0 |     16 |   1 |   58.0 |
          Lair |  12123 |  11943 |    180 |   7895 |   3008 |   5 | 2424.6 |
        Bazaar |    174 |    174 |      0 |      0 |    107 |   1 |  174.0 |
         Sewer |    656 |    656 |      0 |    239 |    134 |   1 |  656.0 |
               +--------+--------+--------+--------+--------+-----+--------+

Top non-repeatable levels by time:
  Lair:2: 5648 daAuts
  Lair:3: 2580 daAuts
     D:9: 1826 daAuts
  Lair:1: 1793 daAuts
  Lair:4: 1607 daAuts
     D:3: 1527 daAuts
    D:11: 1403 daAuts
     D:8: 1311 daAuts
     D:5: 1092 daAuts
     D:4: 1027 daAuts
     D:7: 980 daAuts
     D:1: 870 daAuts
     D:2: 768 daAuts
     D:6: 745 daAuts
   Sewer: 656 daAuts
